 Dungeon Crawl Stone Soup version 0.26.1-11-gd32895ea62 (webtiles) character file.

Game seed: 17421630401211122432

238 MisterFreud the Ruffian (level 5, -2/50 HPs)
             Began as a Troll Monk on May 8, 2021.
             Slain by a worker ant (7 damage)
             ... on level 3 of the Dungeon.
             The game lasted 00:03:14 (2583 turns).

MisterFreud the Ruffian (Troll Monk)                Turns: 2583, Time: 00:03:14

Health: -2/50      AC:  7    Str: 19    XL:     5   Next: 78%
Magic:  4/4        EV: 10    Int:  6    God:
Gold:   106        SH:  0    Dex: 13    Spells: 4/4 levels left

rFire    . . .     SeeInvis .     - Unarmed
rCold    . . .     Faith    .   (no shield)
rNeg     + . .     Spirit   .   a - +0 robe
rPois    .         Reflect  .   (helmet restricted)
rElec    .         Harm     .   m - +0 cloak
rCorr    .         Rampage  .   (gloves unavailable)
Will     .....                  (boots unavailable)
Stlth    ++........             (no amulet)
HPRegen  0.56/turn              j - ring of positive energy
MPRegen  0.09/turn              (no ring)

@: lethally poisoned (-2 -> -9)
A: large, unfitting armour, claws 3, regeneration 1, shaggy fur 1, tough skin 3
a: no special abilities


You were on level 3 of the Dungeon.
You visited 1 branch of the dungeon, and saw 4 of its levels.

You collected 106 gold pieces.

Inventory:

Hand Weapons
 n - a +5 quarterstaff of chaos
Missiles
 h - 3 javelins (quivered)
Armour
 a - a +0 robe (worn)
 m - a +0 cloak (worn)
Jewellery
 j - a ring of positive energy (left claw)
Scrolls
 c - 3 scrolls of teleportation
 k - a scroll of remove curse
Potions
 b - 2 potions of curing
 d - a potion of berserk rage {unknown}
 e - a potion of invisibility {unknown}
 f - 2 potions of haste {unknown}
 g - 2 potions of flight {unknown}
 i - a potion of degeneration {unknown}
 l - a potion of brilliance {unknown}
 p - a potion of might {unknown}


   Skills:
 - Level 2.4 Fighting
 - Level 2.4 Dodging
 - Level 1.0 Stealth
 + Level 6.6 Unarmed Combat


You had 4 spell levels left.
You didn't know any spells.
Your spell library was empty.

Dungeon Overview and Level Annotations

Branches:
Dungeon (4/15)
 Temple: D:4-7

Altars:
Ru
Trog
Uskayaw


Innate Abilities, Weirdness & Mutations

You are too large for most types of armour.
You have claws for hands.
Your natural rate of healing is unusually fast.
You are covered in fur. (AC +1)
You have extremely tough skin. (AC +3)


Message History

You scratch the worker ant.
The worker ant is heavily wounded.
You feel sick.
You scratch the worker ant but do no damage.
The worker ant is heavily wounded.
You feel sick. The worker ant bites you.
* * * LOW HITPOINT WARNING * * *
The worm closely misses you. The worker ant closely misses you.
You scratch the worker ant.
The worker ant is severely wounded.
You feel sick. The worker ant closely misses you.
You barely miss the worker ant.
The worker ant is severely wounded.
You feel sick. The worm barely misses you. The worker ant bites you.
* * * LOW HITPOINT WARNING * * *
You are lethally poisoned!
The worker ant poisons you!
* * * LOW HITPOINT WARNING * * *
You feel sick. The worker ant bites you!
You die...

##### #...# #...# #...# #...#
######## #.B@### #..<...#
#.>...### #......#
#.w.#...####### ####......#
#...##........###### #.........#
##.###..#####....(..
#...≈≈....### #.###...# ########
#..≈≈.......# #.[##...#
#...≈≈....#.# ##.###..###########
#..≈≈...###.####..###...#≈≈≈≈≈≈#.


You could see a worm and a worker ant.

Vanquished Creatures
  Crazy Yiuf (D:2)
  An orc priest (D:2)
  Jessica (D:2)
  An orc wizard (D:3)
  3 gnolls (D:3)
  2 adders
  An ooze (D:3)
  A worm (D:3)
  A dart slug (D:3)
  2 leopard geckos
  10 orcs
  A ball python (D:2)
  4 giant cockroaches
  10 goblins
  3 hobgoblins
  7 kobolds
  2 quokkas
  8 bats
  4 frilled lizards
  2 rats
65 creatures vanquished.

Vanquished Creatures (others)
  A fungus (D:2)
1 creature vanquished.

Grand Total: 66 creatures vanquished

Notes
Turn   | Place    | Note
-------+----------+-------------------------------------------
     0 | D:1      | MisterFreud the Troll Monk began the quest for the Orb.
     0 | D:1      | Reached XP level 1. HP: 22/22 MP: 0/0
   399 | D:1      | Reached XP level 2. HP: 29/29 MP: 1/1
   850 | D:2      | Found a hide-covered altar of Uskayaw.
   851 | D:2      | Noticed a +0 hand axe
   852 | D:2      | Noticed a +0 dagger
   857 | D:2      | Reached skill level 4 in Unarmed Combat
  1104 | D:2      | Reached XP level 3. HP: 35/36 MP: 2/2
  1227 | D:2      | Found a sacrificial altar of Ru.
  1241 | D:2      | Found a bloodstained altar of Trog.
  1337 | D:2      | Noticed Jessica
  1343 | D:2      | Killed Jessica
  1487 | D:2      | Reached XP level 4. HP: 44/44 MP: 3/3
  1627 | D:2      | Found a runed translucent door.
  1628 | D:2      | Noticed Crazy Yiuf
  1636 | D:2      | Killed Crazy Yiuf
  1637 | D:2      | Reached skill level 5 in Unarmed Combat
  1772 | D:3      | Reached XP level 5. HP: 10/50 MP: 4/4
  1935 | D:2      | Reached skill level 6 in Unarmed Combat
  1996 | D:2      | HP: 2/50 [poisoned by an orc]
  2583 | D:3      | Slain by a worker ant

Illustrated notes

Levels and vault maps discovered:
D:1:      dpeg_arrival_simpleton_c, layout_basic
D:2:      minmay_skewed_foursquare, layout_rooms, lemuel_crystal_altar,
          dancing_weapons_uskayaw, minmay_door_square, trog_butcher_becter,
          uniq_jessica, uniq_crazy_yiuf_cottage
D:3:      layout_rooms, dk_vineyard_3, kennysheep_generic_room_15
D:4:      layout_cave_pools, nicolae_dithmenos_through_a_glass_darkly

Skill      XL: |  1  2  3  4  5 |
---------------+----------------+-----
Unarmed Combat | 4 5 6 |  6.6
Fighting       | |  2.4
Dodging        | |  2.4
Stealth        | |  1.0

Action                   |  1- 3 |  4- 6 || total
-------------------------+-------+-------++-------
Melee: Unarmed           |    69 |   125 ||   194
       Punch             |     2 |     1 ||     3
  Use: Scroll            |       |     5 ||     5
       Potion            |       |     1 ||     1
 Stab: Sleeping          |     3 |     1 ||     4
       Distracted        |     1 |       ||     1
Armor: Robe              |    22 |    45 ||    67
Dodge: Dodged            |    36 |    73 ||   109
